 Dungeon Crawl Stone Soup version 0.24-a0-441-g27f0392e16 (webtiles) character file.

Game seed: 5863233727612934584

815 gruber the Conjurer (level 7, -2/41 HPs)
             Began as an Octopode Conjurer on June 19, 2019.
             Succumbed to a gnoll sergeant's poison
             ... on level 5 of the Dungeon.
             The game lasted 00:07:27 (5018 turns).

gruber the Conjurer (Octopode Conjurer)             Turns: 5018, Time: 00:07:28

Health: -2/41      AC:  1    Str:  8    XL:     7   Next: 94%
Magic:  6/15       EV: 13    Int: 19    God:
Gold:   166        SH:  0    Dex: 12    Spells: 7/17 levels left

rFire    . . .     SeeInvis .   t - +1 flail (crush)
rCold    . . .     Gourm    .   (no shield)
rNeg     . . .     Faith    .   (helmet restricted)
rPois    .         Spirit   .   y - amulet of rage
rElec    .         Reflect  .   c - ring of resist corrosion
rCorr    +         Harm     .   m - ring of wizardry
MR       .....                  (no ring)
Stlth    +++.......             (no ring)
HPRegen  0.13/turn              (no ring)
MPRegen  0.14/turn              (no ring)
                                (no ring)
                                (no ring)

@: lethally poisoned (-2 -> -46)
A: almost no armour, stealthy swim, amphibious, 8 rings, constrict 8, camouflage
1, gelatinous body 1
a: Evoke Berserk Rage


You were on level 5 of the Dungeon.
You were not hungry.

You visited 2 branches of the dungeon, and saw 6 of its levels.

You collected 166 gold pieces.

Inventory:

Hand Weapons
 t - a +1 flail of crushing (weapon)
Missiles
 p - 10 poisoned darts (quivered)
Jewellery
 c - a ring of resist corrosion (left tentacle)
 m - a ring of wizardry (right tentacle)
 y - an amulet of rage (around mantle)
 B - the ring of the Salamander {rElec AC-2 Dex-2 SInv}
   (You found it on level 5 of the Dungeon)

   [ring of protection]

   It affects your AC (-2).
   It affects your dexterity (-2).
   It insulates you from electricity.
   It lets you see invisible.
Wands
 u - a wand of paralysis (10)
 z - a wand of polymorph (9)
Scrolls
 g - a scroll of remove curse
 h - a scroll of blinking {unknown}
 i - 4 scrolls of teleportation
 k - a scroll of immolation {unknown}
 n - 3 scrolls of fear
 o - a scroll of enchant weapon {unknown}
 q - 2 scrolls of amnesia
 r - a scroll of noise {unknown}
 w - a scroll of enchant armour {unknown}
 x - 2 scrolls of fog {unknown}
Potions
 a - a potion of heal wounds
 d - 2 potions of curing
 e - 2 potions of magic
 f - a potion of lignification {unknown}
 j - a potion of brilliance
 l - a potion of mutation {unknown}
 s - a potion of resistance {unknown}
 v - 3 potions of degeneration {unknown}
 A - a potion of agility {unknown}
Comestibles
 b - 9 rations


   Skills:
 - Level 2.0 Dodging
 - Level 2.6 Stealth
 * Level 5.7 Spellcasting
 + Level 7.4 Conjurations


You had 7 spell levels left.
You knew the following spells:

 Your Spells              Type           Power        Failure   Level  Hunger
a - Magic Dart            Conj           ####         1%          1    None
b - Searing Ray           Conj           ####..       1%          2    None
c - Dazzling Spray        Conj/Hex       ###...       3%          3    ##.....
d - Force Lance           Conj/Tloc      ###.....     11%         4    ####...

Your spell library contained the following spells:

 Spells                   Type           Power        Failure   Level  Hunger
 Iskenderun's Mystic Bla  Conj           ####....     2%          4    ####...
 Fulminant Prism          Conj/Hex       ###.......   10%         4    ####...


Dungeon Overview and Level Annotations

Branches:
Dungeon (5/15)             Temple (1/1) D:5

Altars:
Ashenzari
Cheibriados
Dithmenos
Elyvilon
Fedhas
Gozag
Kikubaaqudgha
Makhleb
Nemelex Xobeh
Okawaru
Trog
Uskayaw
Wu Jian
Xom
Yredelemnul
Zin
The Shining One


Innate Abilities, Weirdness & Mutations

You cannot wear most types of armour.
You are very stealthy in the water. (Stealth+)
You are amphibious.
You can wear up to eight rings at the same time.
You can use your tentacles to constrict eight enemies at once.
Your skin changes colour to match your surroundings (Stealth+).
Your rubbery body absorbs attacks. (AC +1, EV +1)


Message History

The searing ray hits the gnoll.
The gnoll is moderately wounded.
You feel sick.
The gnoll sergeant hits you from afar with a +5 spear of venom!
* * * LOW HITPOINT WARNING * * *
You are more poisoned.
The searing ray hits the gnoll sergeant!
The gnoll sergeant is severely wounded.
* * * LOW HITPOINT WARNING * * *
You feel sick.
The gnoll sergeant hits you from afar with a +5 spear of venom!
* * * LOW HITPOINT WARNING * * *
You are more poisoned.
Unknown command.
The searing ray hits the gnoll sergeant!
The gnoll sergeant is almost dead.
The searing ray hits the gnoll!
You kill the gnoll!
You finish channeling your searing ray.
You die...

###'#########'###########
#....##..............#..##
......#...<..........#...# .
......#..............#...# ..
......#..............#...# ...
#######..(...........#...# ....
...........############'####.....
...........+......#........'g....
...........#....@)g).......#.....
...........#......#........# ....
...........#...#######...### .g.
+#.....)...#...##.####...# ..
#.........#.........#...# .
#.........#.........#...#
#.........'.........#...#
#.........#...##...######
##........#...######


You could see a gnoll sergeant.

Vanquished Creatures
  2 ice beasts (D:5)
  A centaur (D:5)
  2 hounds
  A bullfrog skeleton (D:5)
  2 orc wizards
  3 iguanas
  5 worker ants
  3 gnolls (D:5)
  8 adders
  An adder skeleton (D:4)
  2 worms
  3 dart slugs
  5 leopard geckos
  7 orcs
  2 ball pythons
  4 giant cockroaches
  8 goblins
  7 hobgoblins
  3 jackals (D:4)
  7 kobolds
  2 quokkas
  5 bats
  6 frilled lizards
  A jackal skeleton (D:4)
  A quokka skeleton (D:2)
  5 rats
96 creatures vanquished.

Notes
Turn   | Place    | Note
-------+----------+-------------------------------------------
     0 | D:1      | gruber the Octopode Conjurer began the quest for the Orb.
     0 | D:1      | Reached XP level 1. HP: 11/11 MP: 3/3
   100 | D:1      | Reached XP level 2. HP: 17/17 MP: 0/5
   359 | D:1      | Learned a level 2 spell: Searing Ray
   511 | D:1      | Reached XP level 3. HP: 21/21 MP: 6/6
   901 | D:2      | Reached skill level 5 in Conjurations
  1036 | D:2      | Reached XP level 4. HP: 15/27 MP: 1/7
  2290 | D:3      | Found a white marble altar of Elyvilon.
  2293 | D:3      | Reached XP level 5. HP: 31/31 MP: 5/9
  3257 | D:4      | Reached skill level 6 in Conjurations
  3537 | D:4      | Reached XP level 6. HP: 36/36 MP: 8/11
  3755 | D:4      | Learned a level 3 spell: Dazzling Spray
  3760 | D:4      | Learned a level 4 spell: Force Lance
  4044 | D:5      | Entered Level 5 of the Dungeon
  4165 | D:5      | Found a staircase to the Ecumenical Temple.
  4223 | Temple   | Entered the Ecumenical Temple
  4422 | D:5      | Noticed an ice beast
  4435 | D:5      | Killed an ice beast
  4435 | D:5      | Reached XP level 7. HP: 41/41 MP: 7/14
  4520 | D:5      | Got a translucent granite ring
  4521 | D:5      | Identified the cursed ring of the Salamander {rElec AC-2
                  | Dex-2 SInv} (You found it on level 5 of the Dungeon)
  4545 | D:5      | Reached skill level 5 in Spellcasting
  4545 | D:5      | Reached skill level 7 in Conjurations
  5017 | D:5      | HP: 1/41 [gnoll sergeant/+5 spear of venom (10)]
  5018 | D:5      | Succumbed to a gnoll sergeant's poison

Levels and vault maps discovered:
D:1:      dpeg_arrival_lava_temple_mockup, layout_loops_ring, minmay_cupped
D:2:      kennysheep_big_flooded_room, layout_basic, minmay_misc_feat_diagonals,
          chequers_mini_garden, kennysheep_generic_room_8
D:3:      layout_basic, elyvilon_altar_1, first_ration
D:4:      layout_gridville
D:5:      layout_gridville, minmay_temple_entry_butterflies
Temple:   regret_index_temple_sphere_string

Skill      XL: |  1  2  3  4  5  6  7 |
---------------+----------------------+-----
Conjurations   | 5 6 7 |  7.4
Spellcasting   | 3 4 5 |  5.7
Dodging        | |  2.0
Stealth        | |  2.6

Action                   |  1- 3 |  4- 6 |  7- 9 || total
-------------------------+-------+-------+-------++-------
Melee: Unarmed           |    18 |       |       ||    18
       Constrict         |    14 |    13 |     1 ||    28
       Tentacles         |     6 |     5 |       ||    11
       Short sword       |    24 |    16 |       ||    40
       Flail             |       |    40 |     7 ||    47
 Cast: Magic Dart        |    21 |    32 |     2 ||    55
       Searing Ray       |     2 |    13 |     9 ||    24
       Dazzling Spray    |       |       |     3 ||     3
  Use: Scroll            |       |       |     8 ||     8
 Stab: Sleeping          |     3 |    11 |     2 ||    16
  Eat: Chunk             |       |    10 |     4 ||    14
Armor: Skin              |     2 |     6 |     1 ||     9
Dodge: Dodged            |    22 |    44 |    22 ||    88

Table legend:
 A = Non-vault XP
 B = Vault XP
 C = Vault XP percentage of total XP
 D = Non-vault monster count
 E = Vault monster count
 F = Vault count percentage of total count
                 A         B        C        D         E       F
            +---------+---------+-------+---------+---------+-------
      Total |    1155 |      10 |   0.9 |      89 |       7 |   7.3
            +---------+---------+-------+---------+---------+-------
        D:1 |      31 |       6 |  16.2 |      16 |       4 |  20.0
        D:2 |      97 |       4 |   4.0 |      22 |       3 |  12.0
        D:3 |      96 |       0 |   0.0 |      16 |       0 |   0.0
        D:4 |     262 |       0 |   0.0 |      20 |       0 |   0.0
        D:5 |     669 |       0 |   0.0 |      15 |       0 |   0.0
            +---------+---------+-------+---------+---------+-------
